 Dungeon Crawl Stone Soup version 0.21-a0-529-g8c7b3f5 (webtiles) character file.

179 pkoi the Slasher (level 5, -5/34 HPs)
             Began as a Demonspawn Gladiator on Dec 10, 2017.
             Was a Follower of Hepliaklqana.
             Slain by an orc
             ... wielding a +0 flail
              (6 damage)
             ... on level 4 of the Dungeon.
             The game lasted 00:03:27 (2755 turns).

pkoi the Slasher (Demonspawn Gladiator)             Turns: 2755, Time: 00:03:28

Health: -5/34      AC:  6    Str: 13 (16) XL:     5   Next: 32%
Magic:  4/4        EV: 12    Int:  7 (9)  God:    Hepliaklqana [*.....]
Gold:   164        SH:  4    Dex: 11 (12) Spells: 4/4 levels left

rFire    . . .     SeeInvis .   a - +0 long sword
rCold    . . .     Gourm    .   (no shield)
rNeg     . . .     Faith    .   b - +0 leather armour
rPois    .         Spirit   .   c - +1 helmet
rElec    .         Reflect  .   (no cloak)
rCorr    .         Harm     .   (no gloves)
MR       .....                  (no boots)
Stlth    ..........             (no amulet)
HPRegen  0.11/turn              u - -2 ring of dexterity (curse)
MPRegen  0.09/turn              t - ring of loudness (curse)

@: lethally poisoned (-5 -> -8)
A: reduced essence, large bone plates 1, low mp 1, powered by death 2, shaggy
fur 1, spiny 1, wild magic 1
a: Recall Ancestor, Ancestor Identity, Renounce Religion


You were on level 4 of the Dungeon.
You worshipped Hepliaklqana.
Hepliaklqana was aware of your devotion.
You were not hungry.

You visited 1 branch of the dungeon, and saw 4 of its levels.

You collected 164 gold pieces.

Inventory:

Hand Weapons
 a - a +0 long sword (weapon)
Missiles
 d - 4 throwing nets (quivered)
Armour
 b - a +0 leather armour (worn)
 c - a +1 helmet (worn)
Jewellery
 h - an uncursed ring of protection from fire {unknown}
 i - an uncursed ring of stealth
 r - an uncursed ring of resist corrosion {unknown}
 t - a cursed ring of loudness (right hand)
 u - a cursed -2 ring of dexterity (left hand)
Scrolls
 e - 6 scrolls of fear
 l - a scroll of immolation
 m - a scroll of enchant armour
 n - a scroll of identify
 s - a scroll of teleportation {unknown}
Potions
 o - a potion of magic
Comestibles
 f - a bread ration
 g - 10 fruits
 j - 4 meat rations
 k - a royal jelly
 v - a chunk of flesh


   Skills:
 - Level 2.0 Fighting
 + Level 5.5 Long Blades
 - Level 1.7 Throwing
 - Level 2.6 Dodging


You had 4 spell levels left.
You didn't know any spells.

Dungeon Overview and Level Annotations

Branches:
Dungeon (4/15)
 Temple: D:4-7

Altars:
Ashenzari
Elyvilon
Hepliaklqana
Makhleb
Trog
Wu Jian


Innate Abilities, Weirdness & Mutations

You regenerate health from kills.
You are partially covered in sharp spines.
Your life essence is reduced to manifest your ancestor. (-10% HP)
You are partially covered in large bone plates. (SH +4)
Your magical capacity is low. (-10% MP)
You are covered in fur. (AC +1)
Your spells are a little harder to cast, but a little more powerful.


Message History

The worker ant poisons you!
* * * LOW HITPOINT WARNING * * *
You feel sick.
Wilburh barely misses the worker ant.
The worker ant bites Wilburh!
Wilburh closely misses the worker ant.
The orc misses Wilburh.
Unknown command.
It was a potion of mutation.
You feel extremely strange.
Large bone plates grow over parts of your arms.
You feel less in control of your magic.
You feel less energetic. Fur sprouts all over your body.
* * * LOW HITPOINT WARNING * * *
You feel sick. You block the orc's attack.
Wilburh barely misses the orc.
The worker ant is struck by your spines.
The worker ant closely misses you.
It was a potion of degeneration.
There was something very wrong with that liquid.
You feel weakened.
You feel dopey.
You feel clumsy.
Wilburh hits the orc but does no damage.
The orc hits you with a flail.
You die...

... ... #### ..# ##....
#.# #...... #.#
##....... #.###........
. #.##..)...... ..
##.#.R........ ...##
###.[@oo........
....####...#.a.........
#......####..........
###...## #..........
##.## ##......... #<#
####...### #.# #...#
#.# ...# #.#


You could see the friendly Wilburh the ancestor, a worker ant and 2 orcs.

Vanquished Creatures
  Purgy (D:3)
  An adder (D:3)
  An ooze (D:2)
  2 dart slugs (D:1)
  A leopard gecko (D:2)
  3 orcs
  2 giant cockroaches (D:1)
  7 goblins
  7 hobgoblins
  2 jackals (D:2)
  11 kobolds
  A quokka (D:3)
  A ball python (D:3)
  7 bats
  2 frilled lizards (D:1)
  7 rats
56 creatures vanquished.

Vanquished Creatures (collateral kills)
  A worm (D:3)
1 creature vanquished.

Vanquished Creatures (others)
  An ancestor (D:3)
1 creature vanquished.

Grand Total: 58 creatures vanquished

Notes
Turn   | Place    | Note
-------+----------+-------------------------------------------
     0 | D:1      | pkoi the Demonspawn Gladiator began the quest for the Orb.
     0 | D:1      | Reached XP level 1. HP: 16/16 MP: 1/1
   126 | D:1      | Reached skill level 3 in Long Blades
   185 | D:1      | Gained mutation: You are partially covered in sharp spines. [demonic ancestry]
   185 | D:1      | Reached XP level 2. HP: 14/22 MP: 2/2
   672 | D:1      | Gained mutation: You regenerate a little health from kills. [demonic ancestry]
   672 | D:1      | Reached XP level 3. HP: 25/27 MP: 3/3
  1092 | D:2      | Reached skill level 4 in Long Blades
  1688 | D:2      | Found a bloodstained altar of Trog.
  1803 | D:2      | Found an ornate altar of the Wu Jian Council.
  1803 | D:2      | Found a white marble altar of Elyvilon.
  1808 | D:2      | Found a shattered altar of Ashenzari.
  1810 | D:2      | Found a burning altar of Makhleb.
  1812 | D:2      | Found a hazy altar of Hepliaklqana.
  1896 | D:2      | Became a worshipper of Hepliaklqana the Forgotten
  2120 | D:3      | Reached XP level 4. HP: 21/29 MP: 4/4
  2268 | D:3      | Noticed Purgy
  2294 | D:3      | Killed Purgy
  2294 | D:3      | Reached skill level 5 in Long Blades
  2294 | D:3      | Gained mutation: You regenerate health from kills. [demonic ancestry]
  2294 | D:3      | Reached XP level 5. HP: 3/34 MP: 5/5
  2739 | D:4      | Reached * piety under Hepliaklqana
  2752 | D:4      | HP: 1/34 [poisoned by a worker ant]
  2754 | D:4      | Gained mutation: You are partially covered in large bone plates. (SH +4) [potion of mutation]
  2754 | D:4      | Gained mutation: Your spells are a little harder to cast, but a little more powerful. [potion of mutation]
  2754 | D:4      | Gained mutation: Your magical capacity is low. (-10% MP) [potion of mutation]
  2754 | D:4      | Gained mutation: You are covered in fur. (AC +1) [potion of mutation]
  2755 | D:4      | Slain by an orc

Vault maps used:
D:1:      nicolae_arrival_memento_mori
D:2:      marbit_many_paths, chequers_temple_overflow_minitemple
D:3:      uniq_purgy
D:4:      serial_shops, shop, minmay_misc_feat_four_crosses

Skill      XL: |  1  2  3  4 |
---------------+-------------+-----
Long Blades    | 3 4 5 |  5.5
Fighting       | |  2.0
Throwing       | |  1.7
Dodging        | |  2.6

Action                   |  1- 3 |  4- 6 || total
-------------------------+-------+-------++-------
Melee: Long sword        |    77 |    28 ||   105
Throw: Throwing net      |       |     3 ||     3
  Use: Scroll            |     7 |       ||     7
       Potion            |       |     2 ||     2
 Stab: Sleeping          |    11 |       ||    11
  Eat: Chunk             |     4 |     2 ||     6
Armor: Leather armour    |    29 |    12 ||    41
Dodge: Dodged            |    40 |    29 ||    69
Block: Other             |       |     1 ||     1
       Rpst.: Long sword |    17 |     8 ||    25

Table legend:
 A = Spawn XP
 B = Non-spawn XP
 C = Spawn XP percentage of total XP
 D = Spawn monster count
 E = Non-spawn monster count
 F = Spawn count percentage of total count
 G = Total turns spent on level
                    A         B        C        D         E        F      G
               +---------+---------+-------+---------+---------+-------+---------
         Total |       0 |     256 |   0.0 |       0 |      57 |   0.0 |  2755
               +---------+---------+-------+---------+---------+-------+---------
           D:1 |       0 |      50 |   0.0 |       0 |      28 |   0.0 |  1018
           D:2 |       0 |      22 |   0.0 |       0 |      10 |   0.0 |   903
           D:3 |       0 |     181 |   0.0 |       0 |      18 |   0.0 |   814
           D:4 |       0 |       3 |   0.0 |       0 |       1 |   0.0 |    20
               +---------+---------+-------+---------+---------+-------+---------
